Cogmind - Beta 13 @@@ ROGUE MODE // 2024.04.21 @ 12:33:48 Player: RD-BNK(r) Result: Destroyed by P-70 Sage with High-powered Shock Rifle Performance ------------- Evolutions (6) 3000 Regions Visited (17) 3400 Robots Destroyed (133) 665 Value Destroyed (3718) 3718 Prototype IDs (55) 1100 Alien Tech Used (0) 0 Bonus (1690) 1690 TOTAL SCORE: 13573 Bonus ------- Follower Combat Kills 1354 Network Hubs Disabled 200 Aligned with FarCom 300 Built Enhanced Grunts 300 Met R17 at Cetus 500 Friendly Fire -964 Cogmind --------- Core Integrity 0/1150 Matter 76/300 Energy 98/100 System Corruption 7% Temperature Cool (0) Movement Core (50) Location -4/Factory Parts ------- > --- POWER (1) -------- (None) > --- PROPULSION (5) --- (None) > --- UTILITY (11) ----- Machine Analyzer Enhanced Optical Array Improved Hacking Suite Improved System Shield > --- WEAPON (2) ------- (None) > --- INVENTORY (5) ---- Improved Transmission Jammer Stealth Drone Bay (2/2) Force Lance Peak State ------------ > --- POWER ------------ Light Angular Momentum Engine > --- PROPULSION ------- Improved Cesium-ion Thruster Cooled VTOL Module Cooled VTOL Module Cooled VTOL Module Cooled VTOL Module > --- UTILITY ---------- Power Amplifier Large Storage Unit Advanced Weight Redist. System Machine Analyzer Triangulator Enhanced Optical Array Hacking Suite Improved Hacking Suite Improved Hacking Suite Improved System Shield Improved System Shield > --- WEAPON ----------- Advanced KE Penetrator > --- INVENTORY -------- Fusion Compressor Light Antimatter Reactor Improved Coolant Injector Energy Well Enhanced Optical Array Improved Transmission Jammer ECM Suite Advanced System Shield Improved System Restoration Module Enhanced Gauss Cannon Advanced Datajack Improved Plasma Cutter Heavy Flail [Rating: 89] Favorites ----------- Power Light Angular Momentum Engine Engine Light Angular Momentum Engine Power Core Light Nuclear Core Reactor Heavy Antimatter Reactor Propulsion Cooled VTOL Module Treads Light Treads Leg Aluminum Leg Flight Unit Cooled VTOL Module Utility Hacking Suite Device Advanced Weight Redist. System Storage Large Storage Unit Processor Machine Analyzer Hackware Hacking Suite Protection Centrium Medium Armor Plating Weapon Longsword +1 Energy Gun Improved EM Shotgun Ballistic Gun Light Assault Rifle Ballistic Cannon Enhanced Gauss Cannon Launcher Guided EMP Blaster Special Weapon Improved Plasma Cutter Impact Weapon Heavy Flail Slashing Weapon Longsword +1 Build | -11 -10 -10 -9 -9 -9 -8 -8 -7 -7 -7 -6 -5 -5 -5 -5 -5 -4 ------- Run | Yrd Mat Min Mat Min Exi Min Mat Fac Was Fac Fac Fac Ext Cet Arc Hub Fac Slots Evolved 12 | . . . 2 . . . 2 2 . . 2 2 . . . . 2 Power . | . . . . . . . . . . . . . . . . . . Propulsion 3 | . . . 2 . . . . . . . . 1 . . . . . Utility 9 | . . . . . . . 2 2 . . 2 1 . . . . 2 Weapon . | . . . . . . . . . . . . . . . . . . Parts Attached 146 | 3 8 1 20 6 1 2 10 20 . . 8 17 11 7 6 6 20 Power 15 | . 2 . 2 . . 1 1 1 . . 1 3 . 1 . . 3 Engine 10 | . 2 . 2 . . . 1 1 . . 1 1 . 1 . . 1 Core 4 | . . . . . . 1 . . . . . 2 . . . . 1 Reactor 1 | . . . . . . . . . . . . . . . . . 1 Propulsion 39 | 2 2 . 9 . . 1 6 12 . . 4 1 1 . . 1 . Treads 19 | 2 2 . 8 . . 1 6 . . . . . . . . . . Leg . | . . . . . . . . . . . . . . . . . . Wheel . | . . . . . . . . . . . . . . . . . . Hover . | . . . . . . . . . . . . . . . . . . Flight 20 | . . . 1 . . . . 12 . . 4 1 1 . . 1 . Utility 46 | . 2 . . 6 . . 3 6 . . 2 9 1 2 5 . 10 Device 20 | . 1 . . 2 . . 1 3 . . . 3 . 1 2 . 7 Storage 7 | . 1 . . 4 . . . 1 . . . 1 . . . . . Processor 3 | . . . . . . . . 1 . . 1 . 1 . . . . Hackware 15 | . . . . . . . 2 1 . . 1 5 . . 3 . 3 Protection 1 | . . . . . . . . . . . . . . 1 . . . Artifact . | . . . . . . . . . . . . . . . . . . Weapon 46 | 1 2 1 9 . 1 . . 1 . . 1 4 9 4 1 5 7 Energy Gun 6 | . . . 5 . . . . 1 . . . . . . . . . Energy Cannon . | . . . . . . . . . . . . . . . . . . Ballistic Gun 14 | 1 2 . 3 . . . . . . . 1 2 2 1 . 1 1 Ballistic Cannon 5 | . . . . . . . . . . . . . 1 2 . 2 . Launcher 1 | . . . . . . . . . . . . 1 . . . . . Special Weapon 5 | . . . . . . . . . . . . . 4 . . 1 . Impact Weapon 7 | . . . . . . . . . . . . . . . . 1 6 Slashing Weapon 8 | . . 1 1 . 1 . . . . . . 1 2 1 1 . . Piercing Weapon . | . . . . . . . . . . . . . . . . . . Special Melee Weapon . | . . . . . . . . . . . . . . . . . . Unidentified Prototypes 15 | . . . 5 1 . . . 2 . . . 2 1 2 . . 2 Parts Lost 27 | . 1 . 2 . . . 1 . . . . 3 . 1 . 3 16 Power 5 | . . . 1 . . . 1 . . . . 1 . . . . 2 Propulsion 6 | . . . . . . . . . . . . . . . . 1 5 Utility 11 | . . . . . . . . . . . . 2 . . . 1 8 Weapon 5 | . 1 . 1 . . . . . . . . . . 1 . 1 1 Highest Loss Streak 10 | . 1 . 2 . . . 1 . . . . 2 . 1 . 3 10 To Critical Strikes . | . . . . . . . . . . . . . . . . . . Average Slot Usage (%) 96 | . 95 100 98 99 99 100 99 99 100 100 100 96 95 93 94 93 79 Engine 7 | . 14 14 11 11 11 2 5 7 7 7 6 1 5 5 5 5 3 Treads 17 | . 28 28 44 44 44 44 36 . . . . . . . . . . Flight 15 | . . . . . . . . 29 30 30 26 29 29 29 29 29 19 Device 8 | . 9 14 11 10 11 11 9 7 7 7 6 5 5 5 5 5 11 Storage 8 | . 14 14 11 10 11 11 9 7 7 7 6 5 5 5 5 5 3 Processor 5 | . . . . . . . . 7 7 7 13 11 11 11 11 11 10 Hackware 16 | . . . . . . . 16 22 23 23 26 28 29 29 29 28 25 Energy Gun 4 | . . . 5 11 11 11 9 7 7 7 5 . . . . . . Ballistic Gun 4 | . 27 21 5 . . . . . . . . 2 3 2 . . . Slashing Weapon 5 | . . 6 9 11 10 11 9 7 7 7 6 5 1 . 4 4 . Naked Turns . | . . . . . . . . . . . . . . . . . . Heaviest Build 94 | 11 33 30 35 94 54 54 66 27 27 27 28 32 38 38 35 35 35 Greatest Support 82 | 40 40 40 80 80 80 82 82 33 33 33 33 35 37 35 35 46 35 Greatest Overweight (x) 2 | . . . . 1 . . . 1 . . . 1 1 1 . 2 1 Average Overweight (x) . | . . . . . . . . . . . . . . . . . . Largest Inventory Capacity 25 | 8 15 15 15 25 20 20 20 20 10 10 10 15 15 15 15 15 15 Average Capacity 15 | 8 13 15 15 23 20 20 20 10 10 10 10 12 15 15 15 15 11 Most Carried 20 | 6 15 15 15 18 18 20 20 19 10 10 10 14 15 15 15 15 15 Average Carried 13 | 5 10 14 14 15 18 19 19 9 10 10 9 10 13 14 14 14 10 Final Capacity 20 | 8 15 15 15 20 20 20 20 10 10 10 10 15 15 15 15 15 5 Final Carried 20 | 4 15 15 13 18 18 20 20 10 10 10 10 12 15 15 15 14 4 Class Distribution -------------------- 37% | Mutant 21% | Hacker-Scout 15% | Wizard-Scout 12% | Hacker-Sprinter 6% | Scavenger-Mutant 5% | Hacker-Mutant Dominant Class ---------------- Mutant | -10/Materials Mutant | -10/Mines Mutant | -9/Materials Mutant | -9/Mines Mutant | -9/Exiles Mutant | -8/Mines Scavenger-Mutant | -8/Materials Hacker-Sprinter | -7/Factory Hacker-Sprinter | -7/Waste Hacker-Sprinter | -7/Factory Hacker-Scout | -6/Factory Hacker-Scout | -5/Factory Hacker-Scout | -5/Extension Hacker-Scout | -5/Cetus Wizard-Scout | -5/Archives Wizard-Scout | -5/Hub_04(d) Hacker-Scout | -4/Factory Resources | -11 -10 -10 -9 -9 -9 -8 -8 -7 -7 -7 -6 -5 -5 -5 -5 -5 -4 ----------- Run | Yrd Mat Min Mat Min Exi Min Mat Fac Was Fac Fac Fac Ext Cet Arc Hub Fac Matter Collected 2069 | 196 324 68 221 60 . 30 90 210 . . 80 100 350 152 104 64 20 Remotely . | . . . . . . . . . . . . . . . . . . Salvage Created 5806 | . 509 40 480 170 . 147 831 500 . 386 617 473 729 151 392 361 20 Parts 337 | . 38 6 31 1 . 7 55 39 . 21 30 16 42 9 29 11 2 Haulers Intercepted 16 | . 2 . 2 . . . 2 2 . 1 3 2 . . . 2 . Recyclers Shooed 3 | . 1 . 2 . . . . . . . . . . . . . . Parts Field Recycled . | . . . . . . . . . . . . . . . . . . Retrieved Matter . | . . . . . . . . . . . . . . . . . . Parts Self-Destructed . | . . . . . . . . . . . . . . . . . . Prevented . | . . . . . . . . . . . . . . . . . . Kills | -11 -10 -10 -9 -9 -9 -8 -8 -7 -7 -7 -6 -5 -5 -5 -5 -5 -4 ------- Run | Yrd Mat Min Mat Min Exi Min Mat Fac Was Fac Fac Fac Ext Cet Arc Hub Fac Combat Hostiles Destroyed 66 | . 13 3 8 2 . 3 13 4 . 3 2 3 7 2 1 2 . Melee 36 | . . . 3 2 . 2 13 4 . 3 2 3 2 . . 2 . Guns 30 | . 13 3 5 . . 1 . . . . . . 5 2 1 . . Classes Destroyed 12 | . 6 . 4 . . 1 . 1 . . . . . . . . . Worker 5 | . . . 1 . . . 2 1 . 1 . . . . . . . Builder 2 | . 1 . . . . . . . . . . . . . . . 1 Hauler 16 | . 2 . 2 . . . 2 2 . 1 3 2 . . . 2 . Recycler 5 | . . . 1 1 . . 2 . . 1 . . . . . . . Operator 18 | . 1 . 2 . . . 1 2 . . . 2 1 . 9 . . Watcher 18 | . 1 . 1 . . . 3 4 . 3 5 . . . . 1 . Swarmer 21 | . 6 3 5 . . . 6 . . . 1 . . . . . . Grunt 20 | . 7 . 1 1 . 2 4 . . 2 . . 3 . . . . Brawler 2 | . . . 1 1 . . . . . . . . . . . . . Duelist 2 | . . . . . . 1 . . . . . . . . . 1 . Sentry 17 | . . . 1 . . . 3 2 . 1 1 3 5 . 1 . . Programmer 4 | . . . . . . . . 2 . . 1 . . . . 1 . Cetus Guard 2 | . . . . . . . . . . . . . . 2 . . . Thug 1 | . . . . . . . . . . . . . 1 . . . . Best Kill Streak 7 | . 3 3 5 1 . 3 5 4 . 2 2 1 3 2 7 1 1 Combat Bots Only 5 | . 3 3 5 1 . 3 3 1 . 1 1 1 3 2 1 1 . Max Kills in Single Turn 2 | . 1 1 1 1 . 1 1 1 . 1 1 1 2 1 1 1 1 Gunslinging . | . . . . . . . . . . . . . . . . . . Exploded . | . . . . . . . . . . . . . . . . . . Melee 1 | . . . 1 1 . 1 1 1 . 1 1 1 1 . . 1 . Uniques/NPCs Destroyed . | . . . . . . . . . . . . . . . . . . Combat | -11 -10 -10 -9 -9 -9 -8 -8 -7 -7 -7 -6 -5 -5 -5 -5 -5 -4 -------- Run | Yrd Mat Min Mat Min Exi Min Mat Fac Was Fac Fac Fac Ext Cet Arc Hub Fac Hostile Shots Fired 474 | . 79 10 72 14 . 15 26 34 . 4 8 20 29 18 4 23 118 Missed 153 | . 24 . 9 4 . 4 5 14 . 1 5 4 13 11 4 10 45 Damage Taken 5021 | . 525 80 727 110 . 190 221 184 . 44 45 452 290 196 . 256 1701 Core 1847 | . 95 26 53 . . 49 45 54 . 15 17 129 37 90 . 80 1157 Absorbed by Shields 245 | . . . . . . . . . . . . . 150 34 . . 61 Regen/Repaired (Parts) 57 | . . . . . . . . 18 . . . 39 . . . . . Core Remaining (%) 81 | 100 . 51 . . . 74 91 . . 90 98 . . . . 66 . Volleys Fired 158 | . 68 5 16 . . 3 . 1 . . . 1 34 12 11 2 5 Largest 2 | . 2 2 2 . . 1 . 1 . . . 1 1 1 1 1 1 Hottest 81 | . 40 40 81 . . 45 . 75 . . . 33 57 35 35 57 35 Shots Fired 244 | . 136 10 29 . . 3 . 1 . . . 1 34 12 11 2 5 Gun 232 | . 136 10 29 . . 3 . 1 . . . 1 24 12 11 . 5 Cannon 12 | . . . . . . . . . . . . . 10 . . 2 . Launcher . | . . . . . . . . . . . . . . . . . . Special . | . . . . . . . . . . . . . . . . . . Kinetic 237 | . 136 10 26 . . . . . . . . 1 34 12 11 2 5 Thermal 2 | . . . 1 . . . . 1 . . . . . . . . . Explosive . | . . . . . . . . . . . . . . . . . . Electromagnetic 5 | . . . 2 . . 3 . . . . . . . . . . . Robot Hit Streak 19 | . 19 4 5 . . 6 . . . . . . 10 14 3 . 7 Robot Miss Streak 5 | . 3 1 3 . . 1 . . . . . . 3 5 2 . . Penetration Max 3 | . . . . . . . . . . . . . 3 1 . . 1 Secondary Targets 3 | . 2 . 1 . . . . . . . . . . . . . . Max Gunslinging Chain 1 | . 1 . 1 . . . . . . . . . . . . . . Shots Hit Robots 379 | . 95 7 34 13 . 7 46 30 . 20 22 28 28 5 23 13 8 Core Hits 155 | . 32 4 21 4 . 5 20 12 . 8 8 8 17 3 8 4 1 Critical Kills 10 | . . . . . . . . . . . . . 7 2 . . 1 Critical Parts Destroyed 10 | . . . . . . . . . . . . . 5 2 1 . 2 Critical Strikes 43 | . . . 1 1 . 1 2 6 . 1 2 4 16 4 1 1 3 Destroy 23 | . . . . . . . . . . . . . 15 4 1 . 3 Sever 20 | . . . 1 1 . 1 2 6 . 1 2 4 1 . . 1 . Melee Attacks 444 | . . 4 21 16 . 6 56 83 . 39 53 54 11 . 21 55 25 Impact 28 | . . . . . . . . . . . . . . . . 3 25 Slashing 416 | . . 4 21 16 . 6 56 83 . 39 53 54 11 . 21 52 . Piercing . | . . . . . . . . . . . . . . . . . . Sneak Attacks 56 | . . . 9 1 . . 9 5 . 6 6 8 2 . 8 2 . Combat Hostiles 9 | . . . . . . . . . . 3 1 3 2 . . . . Follow-up Attacks . | . . . . . . . . . . . . . . . . . . Damage Inflicted 15148 | . 1013 51 1154 524 . 190 2532 1709 . 1264 1317 1766 786 144 1691 725 282 Guns 2000 | . 1011 51 208 . . 45 . . . . . . 174 144 210 . 157 Cannons . | . . . . . . . . . . . . . . . . . . Explosions 24 | . . . 24 . . . . . . . . . . . . . . Melee 13122 | . . . 922 524 . 145 2532 1709 . 1264 1317 1766 612 . 1481 725 125 Ramming 2 | . 2 . . . . . . . . . . . . . . . . Kinetic 1889 | . 1011 51 142 . . . . . . . . . 174 144 210 . 157 Thermal 44 | . . . 44 . . . . . . . . . . . . . . Explosive . | . . . . . . . . . . . . . . . . . . Electromagnetic 91 | . . . 46 . . 45 . . . . . . . . . . . Impact 125 | . . . . . . . . . . . . . . . . . 125 Slashing 12997 | . . . 922 524 . 145 2532 1709 . 1264 1317 1766 612 . 1481 725 . Piercing . | . . . . . . . . . . . . . . . . . . Highest Corruption 7 | . . . . . . . . . . . . . 1 1 1 1 7 Average Corruption 1 | . . . . . . . . . . . . . 1 1 1 1 3 Corruption Purged 3 | . . . . . . . . . . . . . . . 1 . 2 Corruption Blocked . | . . . . . . . . . . . . . . . . . . Effects 16 | . . . . . . . . . . . . . 1 9 . . 6 Message Errors 5 | . . . . . . . . . . . . . . 4 . . 1 Matter Fused 3 | . . . . . . . . . . . . . . 2 . . 1 Heat Flow Errors 2 | . . . . . . . . . . . . . . 1 . . 1 Energy Discharges 2 | . . . . . . . . . . . . . . 1 . . 1 Data Loss (minor) 1 | . . . . . . . . . . . . . . 1 . . . Data Loss (major) 1 | . . . . . . . . . . . . . . . . . 1 Alerts 2 | . . . . . . . . . . . . . 1 . . . 1 Overload Shots . | . . . . . . . . . . . . . . . . . . Overflow Damage 1781 | . . . 87 98 . . 319 127 . 194 101 228 20 . 524 65 18 Projectiles . | . . . . . . . . . . . . . . . . . . Explosions . | . . . . . . . . . . . . . . . . . . Melee 1781 | . . . 87 98 . . 319 127 . 194 101 228 20 . 524 65 18 Knockbacks . | . . . . . . . . . . . . . . . . . . Impact . | . . . . . . . . . . . . . . . . . . Kinetic . | . . . . . . . . . . . . . . . . . . Secondary . | . . . . . . . . . . . . . . . . . . Self-Inflicted Damage 20 | . . . 20 . . . . . . . . . . . . . . Shots 1 | . . . 1 . . . . . . . . . . . . . . Rammed 1 | . 1 . . . . . . . . . . . . . . . . Targets Rammed 1 | . 1 . . . . . . . . . . . . . . . . Kicked . | . . . . . . . . . . . . . . . . . . Crushed . | . . . . . . . . . . . . . . . . . . Highest Temperature 232 | . 12 . 36 . . 24 . 36 . . . . 11 212 . 232 114 Average Temperature 56 | . 7 . 14 . . 14 . 18 . . . . 11 99 . 103 69 Received Heat Transfer 891 | . 171 . 120 60 . 108 63 42 . 27 . 72 43 17 . 27 141 Siege Activations . | . . . . . . . . . . . . . . . . . . Robots Corrupted . | . . . . . . . . . . . . . . . . . . Combat Hostiles . | . . . . . . . . . . . . . . . . . . Parts Fried . | . . . . . . . . . . . . . . . . . . Impact Corruptions 2 | . . . . . . . . . . . . . . . . . 2 Robots Melted . | . . . . . . . . . . . . . . . . . . Combat Hostiles . | . . . . . . . . . . . . . . . . . . Parts Melted 1 | . . . . . . . . . . . . . . . 1 . . Heat Transferred 87 | . . . 87 . . . . . . . . . . . . . . Parts Sabotaged . | . . . . . . . . . . . . . . . . . . Parts Stolen . | . . . . . . . . . . . . . . . . . . Parts Stripped . | . . . . . . . . . . . . . . . . . . Power Chain Reactions 1 | . . . 1 . . . . . . . . . . . . . . Alert | -11 -10 -10 -9 -9 -9 -8 -8 -7 -7 -7 -6 -5 -5 -5 -5 -5 -4 ------- Run | Yrd Mat Min Mat Min Exi Min Mat Fac Was Fac Fac Fac Ext Cet Arc Hub Fac Peak Influence 465 | . 217 97 354 74 . 75 233 187 80 355 283 162 204 348 465 299 168 Initial 146 | . . 27 . 74 . . 29 39 65 56 93 52 4 113 139 . 146 Average 102 | . 83 22 200 29 . 26 102 81 66 208 135 71 105 109 191 66 83 Maximum Alert Level 2 | . 1 . 1 . . . 1 . . 1 1 . 1 1 2 1 . Low Security (%) 86 | 100 91 100 45 100 . 100 97 100 100 57 84 100 87 93 53 91 100 Level 1 11 | . 8 . 54 . . . 2 . . 42 15 . 12 6 27 8 . Level 2 2 | . . . . . . . . . . . . . . . 19 . . Level 3 . | . . . . . . . . . . . . . . . . . . Level 4 . | . . . . . . . . . . . . . . . . . . Level 5 . | . . . . . . . . . . . . . . . . . . High Security . | . . . . . . . . . . . . . . . . . . Max Security . | . . . . . . . . . . . . . . . . . . Squads Dispatched 21 | . 1 1 1 . . . 2 4 . 2 2 1 . . . 4 3 Investigation 4 | . 1 1 . . . . 1 1 . . . . . . . . . Extermination 7 | . . . . . . . . 1 . 1 1 1 . . . 1 2 Reinforcement 9 | . . . 1 . . . 1 1 . 1 1 . . . . 3 1 Assault . | . . . . . . . . . . . . . . . . . . Garrison 1 | . . . . . . . . 1 . . . . . . . . . Intercept . | . . . . . . . . . . . . . . . . . . Searches Triggered . | . . . . . . . . . . . . . . . . . . Construction Impeded . | . . . . . . . . . . . . . . . . . . Haulers Reinforced 2 | . . . . . . . . . . 1 1 . . . . . . Active Scanning Responses . | . . . . . . . . . . . . . . . . . . Cargo Convoy Interrupts . | . . . . . . . . . . . . . . . . . . Stealth | -11 -10 -10 -9 -9 -9 -8 -8 -7 -7 -7 -6 -5 -5 -5 -5 -5 -4 --------- Run | Yrd Mat Min Mat Min Exi Min Mat Fac Was Fac Fac Fac Ext Cet Arc Hub Fac Distress Signals 16 | . 2 . 3 . . . 2 2 . . 1 . 2 1 . 1 2 Communications Jammed . | . . . . . . . . . . . . . . . . . . Distress Signals . | . . . . . . . . . . . . . . . . . . Times Spotted 244 | . 31 3 31 2 . 3 26 14 5 9 15 6 17 18 14 14 36 Peak Tracking Total 13 | . 5 3 9 2 . 3 4 3 5 3 4 3 6 6 2 4 13 Tactical Retreats 20 | . 1 . 3 . . . 4 1 . 1 2 1 . . . 2 5 Traps | -11 -10 -10 -9 -9 -9 -8 -8 -7 -7 -7 -6 -5 -5 -5 -5 -5 -4 ------- Run | Yrd Mat Min Mat Min Exi Min Mat Fac Was Fac Fac Fac Ext Cet Arc Hub Fac Traps Triggered 14 | . 1 . 1 . . . 1 5 . . . . 5 . . . 1 Indirectly . | . . . . . . . . . . . . . . . . . . Trap Hack Attempts . | . . . . . . . . . . . . . . . . . . Triggered . | . . . . . . . . . . . . . . . . . . Disarmed . | . . . . . . . . . . . . . . . . . . Reprogrammed . | . . . . . . . . . . . . . . . . . . Reused . | . . . . . . . . . . . . . . . . . . Traps Extracted . | . . . . . . . . . . . . . . . . . . Installed . | . . . . . . . . . . . . . . . . . . Triggered . | . . . . . . . . . . . . . . . . . . Machines | -11 -10 -10 -9 -9 -9 -8 -8 -7 -7 -7 -6 -5 -5 -5 -5 -5 -4 ---------- Run | Yrd Mat Min Mat Min Exi Min Mat Fac Was Fac Fac Fac Ext Cet Arc Hub Fac Machines Disabled 4 | . . . . . . . . 1 . . . . . . 2 . 1 Max in Single Turn 1 | . . . . . . . . 1 . . . . . . 1 . 1 Garrison Access 12 | . . . . . . . . 3 . 1 3 2 . . . 1 2 Network Hub 1 | . . . . . . . . . . . . . . . . 1 . Machines Repaired . | . . . . . . . . . . . . . . . . . . Machines Dismantled 5 | . . . . . . . . . . . . . 4 . . 1 . Machines Sabotaged . | . . . . . . . . . . . . . . . . . . Overloaded Fab Kills . | . . . . . . . . . . . . . . . . . . Hacking | -11 -10 -10 -9 -9 -9 -8 -8 -7 -7 -7 -6 -5 -5 -5 -5 -5 -4 --------- Run | Yrd Mat Min Mat Min Exi Min Mat Fac Was Fac Fac Fac Ext Cet Arc Hub Fac Machines Accessed 115 | . 10 1 10 2 2 1 8 25 . 13 20 12 . 2 . 2 7 Terminals 69 | . 7 . 6 . . 1 7 13 . 9 13 7 . 2 . 1 3 Fabricators 15 | . . . . . . . . 5 . 2 4 2 . . . . 2 Repair Stations 6 | . 1 . 2 . . . . 2 . . . 1 . . . . . Recycling Units 6 | . 2 . 1 . . . 1 1 . 1 . . . . . . . Scanalyzers 2 | . . . 1 . . . . 1 . . . . . . . . . Garrison Access 12 | . . . . . . . . 3 . 1 3 2 . . . 1 2 Total Hacks 307 | . 24 1 19 2 5 2 31 77 . 33 44 27 . 5 . 8 29 Successful 187 | . 13 1 8 2 5 2 12 43 . 19 37 21 . 5 . 5 14 Failed 120 | . 11 . 11 . . . 19 34 . 14 7 6 . . . 3 15 Catastrophic 15 | . . . 1 . . . 4 3 . 2 . 1 . . . . 4 Database Lockouts . | . . . . . . . . . . . . . . . . . . Manual 178 | . 10 . 11 . 1 1 22 44 . 21 30 17 . 1 . 6 14 Terminals 224 | . 21 . 12 . . 2 30 50 . 27 35 19 . 5 . 6 17 Fabricators 33 | . . . . . . . . 11 . 4 6 4 . . . . 8 Repair Stations 10 | . 1 . 2 . . . . 5 . . . 2 . . . . . Recycling Units 7 | . 2 . 1 . . . 1 2 . 1 . . . . . . . Scanalyzers 8 | . . . 4 . . . . 4 . . . . . . . . . Garrison Access 17 | . . . . . . . . 5 . 1 3 2 . . . 2 4 Terminal Hacks 98 | . 8 1 1 2 5 1 7 16 . 9 23 11 . 5 . 3 6 Record 14 | . . . . . 4 . . 1 . . 3 1 . 4 . . 1 Robot Analysis 3 | . . . . . . . . 2 . . 1 . . . . . . Prototype ID Bank 8 | . . . . . . . 1 3 . 1 2 1 . . . . . Open Door 5 | . . 1 . 2 . . . . . . . 1 . 1 . . . Level Access Points 5 | . . . . . . . . 1 . 1 1 1 . . . 1 . Branch Access Points 3 | . . . . . . . . . . 1 1 1 . . . . . Emergency Access Points 1 | . . . . . . . . . . . . . . . . . 1 Machine Index 5 | . . . . . . . . 1 . 1 1 1 . . . 1 . Terminal Index 7 | . 1 . . . . . 1 1 . . 1 1 . . . 1 1 Alert Level 4 | . 2 . . . . . . . . 1 1 . . . . . . Unreport Threat 2 | . . . . . . . 1 . . . . . . . . . 1 Locate Traps 7 | . 2 . 1 . . . 1 3 . . . . . . . . . Dispatch Records 3 | . . . . . . . . 1 . . 2 . . . . . . Patrol Status 1 | . . . . . . . . . . . 1 . . . . . . Transport Status 2 | . 1 . . . . . . . . . 1 . . . . . . Recall Investigation 1 | . . . . . . . 1 . . . . . . . . . . Recall Extermination 3 | . . . . . . . . . . 1 1 1 . . . . . Recall Reinforcements 2 | . . . . . . . . . . . 2 . . . . . . Hauler Manifests 5 | . . . . . . . 1 1 . . 1 1 . . . . 1 Registered Components 6 | . 1 . . . . . 1 1 . 1 1 1 . . . . . Registered Prototypes 5 | . . . . . . . . 1 . 1 2 1 . . . . . Zone Layout 5 | . 1 . . . . 1 . . . 1 1 . . . . . 1 Derelict Proto ID Bank 1 | . . . . . 1 . . . . . . . . . . . . Fabricator Hacks 3 | . . . . . . . . 1 . . . 1 . . . . 1 Network Status 3 | . . . . . . . . 1 . . . 1 . . . . 1 Repair Station Hacks 6 | . . . . . . . . 4 . . . 2 . . . . . Scan Component 3 | . . . . . . . . 2 . . . 1 . . . . . Repair 3 | . . . . . . . . 2 . . . 1 . . . . . Recycling Unit Hacks 3 | . 1 . . . . . 1 1 . . . . . . . . . Report Inventory 3 | . 1 . . . . . 1 1 . . . . . . . . . Scanalyzer 8 | . . . 4 . . . . 4 . . . . . . . . . Insert Component 4 | . . . 2 . . . . 2 . . . . . . . . . Analyze 4 | . . . 2 . . . . 2 . . . . . . . . . Garrison Access Hacks 12 | . . . . . . . . 3 . 1 3 2 . . . 1 2 Seal Access 12 | . . . . . . . . 3 . 1 3 2 . . . 1 2 Unauthorized Hacks 57 | . 4 . 3 . . 1 4 14 . 9 11 5 . . . 1 5 Terminals 32 | . 2 . 1 . . 1 4 7 . 6 6 2 . . . 1 2 Assimilate 8 | . . . . . . . 1 2 . 3 2 . . . . . . Botnet 14 | . 1 . . . . 1 2 3 . 2 3 1 . . . . 1 Operators 10 | . 1 . 1 . . . 1 2 . 1 1 1 . . . 1 1 Fabricators 18 | . . . . . . . . 5 . 2 5 3 . . . . 3 Fabnet 14 | . . . . . . . . 4 . 2 4 2 . . . . 2 Haulers 4 | . . . . . . . . 1 . . 1 1 . . . . 1 Repair Stations 3 | . 1 . 1 . . . . 1 . . . . . . . . . Mechanics 3 | . 1 . 1 . . . . 1 . . . . . . . . . Recycling Units 4 | . 1 . 1 . . . . 1 . 1 . . . . . . . Recyclers 4 | . 1 . 1 . . . . 1 . 1 . . . . . . . Scanalyzers . | . . . . . . . . . . . . . . . . . . Garrison Access . | . . . . . . . . . . . . . . . . . . Data Cores Recovered 4 | . 1 . 1 . . . . . . . . 2 . . . . . Used . | . . . . . . . . . . . . . . . . . . Hacking Detections 69 | . 7 . 8 . . . 6 18 . 8 8 9 . . . 1 4 Full Trace Events 1 | . . . . . . . . 1 . . . . . . . . . Feedback Events . | . . . . . . . . . . . . . . . . . . Feedback Blocked . | . . . . . . . . . . . . . . . . . . Robot Schematics Acquired . | . . . . . . . . . . . . . . . . . . Robots Built . | . . . . . . . . . . . . . . . . . . Authchips . | . . . . . . . . . . . . . . . . . . Time . | . . . . . . . . . . . . . . . . . . Total Robot Build Rating . | . . . . . . . . . . . . . . . . . . Part Schematics Acquired 4 | . . . 2 . . . . 2 . . . . . . . . . Parts Built . | . . . . . . . . . . . . . . . . . . Authchips . | . . . . . . . . . . . . . . . . . . Time . | . . . . . . . . . . . . . . . . . . Total Part Build Rating . | . . . . . . . . . . . . . . . . . . Parts Repaired 3 | . . . . . . . . 2 . . . 1 . . . . . Time 139 | . . . . . . . . 114 . . . 25 . . . . . Parts Recycled . | . . . . . . . . . . . . . . . . . . Recycled Matter . | . . . . . . . . . . . . . . . . . . Retrieved Matter . | . . . . . . . . . . . . . . . . . . Retrieved Components . | . . . . . . . . . . . . . . . . . . Parts Scanalyzed 4 | . . . 2 . . . . 2 . . . . . . . . . Part Schematics Acquired 4 | . . . 2 . . . . 2 . . . . . . . . . Parts Damaged 1 | . . . . . . . . 1 . . . . . . . . . Bothacking | -11 -10 -10 -9 -9 -9 -8 -8 -7 -7 -7 -6 -5 -5 -5 -5 -5 -4 ------------ Run | Yrd Mat Min Mat Min Exi Min Mat Fac Was Fac Fac Fac Ext Cet Arc Hub Fac Used RIF Installer . | . . . . . . . . . . . . . . . . . . Robots Hacked 16 | . . . . . . . . . . . 2 1 5 2 1 4 1 Non-combat . | . . . . . . . . . . . . . . . . . . Combat 16 | . . . . . . . . . . . 2 1 5 2 1 4 1 Robot Hacks Applied . | . . . . . . . . . . . . . . . . . . Relay Couplers Released 4 | . . . . . . . . . . . 3 . . . . 1 . Machine Destruction 1 | . . . . . . . . . . . . . . . . 1 . Programmers 3 | . . . . . . . . . . . 3 . . . . . . Fabnet Peak Effective % 15 | . . . . . . . . . . . 15 15 15 15 15 15 10 Autooverrided 16 | . . . . . . . . . . . 2 1 5 2 1 4 1 Robots Rewired 10 | . . . . . . . . . . . . . 10 . . . . Allies Hacked 1 | . . . . . . . . . . . 1 . . . . . . Hacks Repelled . | . . . . . . . . . . . . . . . . . . Allies | -11 -10 -10 -9 -9 -9 -8 -8 -7 -7 -7 -6 -5 -5 -5 -5 -5 -4 -------- Run | Yrd Mat Min Mat Min Exi Min Mat Fac Was Fac Fac Fac Ext Cet Arc Hub Fac Total Allies 46 | . . 3 . . . . . 2 . 3 4 1 20 7 1 4 1 Largest Group 11 | . . 3 3 . . . . 2 . 3 5 6 11 11 7 8 1 Highest-Rated Group 723 | . . 81 81 . . . . 36 . 62 104 131 430 723 481 499 137 Highest-Rated Ally 159 | . . 31 31 . . . . 26 . 26 32 49 159 151 96 96 137 Total Orders 31 | . . . . . . . 2 2 . 5 10 4 . 2 . 5 1 STAY 13 | . . . . . . . . 1 . 2 5 2 . 1 . 2 . FOLLOW 13 | . . . . . . . . 1 . 3 5 2 . 1 . 1 . GUARD 2 | . . . . . . . . . . . . . . . . 2 . EXPLORE 2 | . . . . . . . 2 . . . . . . . . . . RETURN 1 | . . . . . . . . . . . . . . . . . 1 Ally Attacks 201 | . . 3 37 . . . . . . . 2 . 47 80 14 18 . Total Damage 6117 | . . 22 463 . . . . . . . 47 . 1333 3182 584 486 . Kills 43 | . . 1 7 . . . . . . . . . 9 17 3 6 . Allies Corrupted . | . . . . . . . . . . . . . . . . . . Allies Melted . | . . . . . . . . . . . . . . . . . . Intel | -11 -10 -10 -9 -9 -9 -8 -8 -7 -7 -7 -6 -5 -5 -5 -5 -5 -4 ------- Run | Yrd Mat Min Mat Min Exi Min Mat Fac Was Fac Fac Fac Ext Cet Arc Hub Fac Robot Analysis Total 3 | . . . . . . . . 2 . . 1 . . . . . . Derelict Logs Recovered 3 | . . 2 . 1 . . . . . . . . . . . . . Drone Launches 4 | . . . . 1 . . 2 . . . . . . . . . 1 Drone Recoveries 1 | . . . . . . . . . . . . . . . . . 1 Exploration | -11 -10 -10 -9 -9 -9 -8 -8 -7 -7 -7 -6 -5 -5 -5 -5 -5 -4 ------------- Run | Yrd Mat Min Mat Min Exi Min Mat Fac Was Fac Fac Fac Ext Cet Arc Hub Fac Turns Passed 16536 | 6 1430 810 1183 1457 342 777 1531 1445 24 569 1067 905 684 899 1696 1097 614 Spaces Moved 14886 | 1 690 336 613 616 213 440 679 2307 76 1233 2007 1599 707 473 246 1426 1224 Core 99 | . . . . . . . . . . . . . . . . 28 71 Treads 3588 | 1 690 336 613 616 213 440 679 . . . . . . . . . . Legs . | . . . . . . . . . . . . . . . . . . Wheels . | . . . . . . . . . . . . . . . . . . Hover . | . . . . . . . . . . . . . . . . . . Flight 11199 | . . . . . . . . 2307 76 1233 2007 1599 707 473 246 1398 1153 Fastest Speed 5 | 160 160 160 160 160 160 156 156 26 26 26 26 23 20 23 23 5 23 Average Speed 60 | 160 160 160 160 220 160 156 157 28 26 26 26 23 25 26 23 26 26 Slowest Speed 240 | 160 160 160 160 240 160 160 160 107 26 26 26 88 91 91 23 159 97 Overloaded Moves 68 | . . . . . . . . . . . . . 2 . . 66 . Propulsion Burnouts . | . . . . . . . . . . . . . . . . . . Robots Hopped 33 | . . . . . . . . 2 . 2 8 . 7 . . 9 5 Cave-ins Triggered . | . . . . . . . . . . . . . . . . . . Exploration Rate (%) 65 | 1 96 82 58 98 59 87 65 58 70 35 52 39 81 96 98 81 29 Regions Visited 17 Branch Regions 8 Pre-discovered Areas 1 | . . 1 . . . . . . . . . . . . . . . Known Exits Taken 5 | . . . . . . 1 . . . 1 1 1 . . . 1 . Unknown Exits Taken 10 | 1 1 1 1 1 1 . 1 . . . . . 1 1 1 . . Scrap Searched 5 | . . 2 . 2 . 1 . . . . . . . . . . . Spaces Dug 204 | . . 4 3 . . 1 9 50 . 17 26 25 11 . . 43 15 Terrain Destroyed 213 | . . 4 3 . . 1 9 50 . 17 26 25 12 2 4 43 17 Melee 190 | . . 4 3 . . 1 9 50 . 17 26 25 . . . 40 15 Projectile 22 | . . . . . . . . . . . . . 11 2 4 3 2 AOE . | . . . . . . . . . . . . . . . . . . Terrain Rammed . | . . . . . . . . . . . . . . . . . . Walls Destroyed . | . . . . . . . . . . . . . . . . . . Machines Disabled . | . . . . . . . . . . . . . . . . . . Actions | -11 -10 -10 -9 -9 -9 -8 -8 -7 -7 -7 -6 -5 -5 -5 -5 -5 -4 --------- Run | Yrd Mat Min Mat Min Exi Min Mat Fac Was Fac Fac Fac Ext Cet Arc Hub Fac Total 21622 | 5 893 596 758 688 214 521 1090 3021 79 1439 2491 2075 1129 1237 1851 2071 1464 Wait 5599 | . 104 239 53 23 . 68 335 501 4 170 420 390 233 736 1565 585 173 Move 14811 | . 689 335 612 615 212 439 678 2304 75 1228 1991 1598 695 472 245 1408 1215 Hop 26 | . . . . . . . . 1 . 2 7 . 4 . . 8 4 Pick Up 102 | . 17 6 15 18 . 2 5 15 . . 5 7 3 2 1 1 5 Fast Attach 33 | . 2 . 7 2 1 . . 6 . . 2 5 1 3 . . 4 Attach 49 | . 1 . 5 2 . . 4 2 . . 2 6 7 3 1 5 11 Detach 25 | . . . . 1 . . . 2 . . . 2 7 3 1 3 6 Swap 64 | 3 5 1 8 2 . 2 6 12 . . 4 6 3 1 5 1 5 Drop 95 | 2 6 6 21 5 1 1 6 22 . . 7 6 1 5 1 . 5 Fire 158 | . 68 5 16 . . 3 . 1 . . . 1 34 12 11 2 5 Melee 444 | . . 4 21 16 . 6 56 83 . 39 53 54 11 . 21 55 25 Ram . | . . . . . . . . . . . . . . . . . . Kick . | . . . . . . . . . . . . . . . . . . Crush 1 | . 1 . . . . . . . . . . . . . . . . Escape Stasis 150 | . . . . . . . . 72 . . . . 72 . . . 6 Rewire 29 | . . . . 4 . . . . . . . . 25 . . . . Trap . | . . . . . . . . . . . . . . . . . . Miscellaneous 36 | . . . . . . . . . . . . . 33 . . 3 . Route ------- -11/Scrapyard -10/Materials (discovered 5 exits: *Mat x3 / *Min / [*Sub]) -10/Mines (discovered 2 exits: *Mat x2) -9/Materials (discovered 5 exits: *Mat x2 / *Min / [*Sto x2]) -9/Mines (discovered 4 exits: *Mat x2 / *Exi / [*Zio]) -9/Exiles -8/Mines (discovered 2 exits: *Mat x2) -8/Materials (discovered 3 exits: *Fac x3) -7/Factory (discovered 5 exits: *Fac x4 / *Low) -7/Waste -7/Factory (discovered 6 exits: *Fac x4 / Low x2) -6/Factory (discovered 6 exits: *Fac x4 / Low x2) -5/Factory (discovered 8 exits: *Fac x4 / Upp x2 / *Ext x2) -5/Extension (discovered 2 exits: *Fac / *Cet) -5/Cetus (discovered 3 exits: *Fac x2 / *Arc) -5/Archives (discovered 3 exits: *Fac / *Hub x2) -5/Hub_04(d) (discovered 4 exits: *Fac x4) -4/Factory (discovered 2 exits: [*Res] / [*Upp]) History --------- Turn | Location | Event 7 | -11/Scrapyard | Discovered new exit (range 0) 7 | -11/Scrapyard | Entered Materials 310 | -10/Materials | Build established: Mutant 440 | -10/Materials | Discovered new exit (range 4) 565 | -10/Materials | Discovered new exit (range 7) 748 | -10/Materials | Discovered new exit (range 15) 1092 | -10/Materials | Discovered new exit (range 11) 1247 | -10/Materials | Discovered new exit (range 10) 1437 | -10/Materials | Entered Mines 1463 | -10/Mines | Joined a pair of Derelicts in attacking an 0b10 outpost 1470 | -10/Mines | Met a Derelict bent on vengeance 1562 | -10/Mines | Discovered new exit (range 10) 1582 | -10/Mines | Met a Derelict shopkeep closing up shop 1721 | -10/Mines | Learned location of Storage (-9) 1852 | -10/Mines | Learned location of 1 exit from Materials 1862 | -10/Mines | Assembled infested the area 1867 | -10/Mines | Assisted by a Guerilla fighting off Assembled 2169 | -10/Mines | Received a Mining Laser from a helpful Derelict 2229 | -10/Mines | Discovered new exit (range 15) 2247 | -10/Mines | Entered Materials 2247 | -9/Materials | Accompanied by 3 allies 2247 | -9/Materials | Evolved 2 slots: Propulsion x2 2248 | -9/Materials | Identified exit to Materials 2248 | -9/Materials | Discovered new exit (range 11) 2252 | -9/Materials | Led the pair of lost Derelicts to an unsafe place 2755 | -9/Materials | Discovered exit to Materials (range 9) 2921 | -9/Materials | Discovered new exit (range 3) 3145 | -9/Materials | Discovered new exit (range 9) 3430 | -9/Materials | Entered Mines 3595 | -9/Mines | Found a hidden stash of uninstalled traps 3619 | -9/Mines | Learned location of 1 exit from Lower Caves 3660 | -9/Mines | Deemed a non-threat by the Exiles lab entrance 3660 | -9/Mines | Discovered new exit (range 5) 3786 | -9/Mines | Met a Derelict who couldn't figure out how to use a Trap Extractor 3911 | -9/Mines | Discovered exit to Materials (range 15) 3943 | -9/Mines | A Derelict revealed a hidden shortcut to a safe place 4028 | -9/Mines | Discovered exit to Materials (range 4) 4161 | -9/Mines | Found the Drone Emporium 4200 | -9/Mines | Found Prototype Device 4229 | -9/Mines | Identified Decoy Drone Bay 4887 | -9/Mines | Entered Exiles 4926 | -9/Exiles | Met 8R-AWN 4953 | -9/Exiles | Met EX-HEX 4998 | -9/Exiles | Met EX-BIN 5015 | -9/Exiles | Aligned with FarCom system 5017 | -9/Exiles | Given EX-Vault access code 5070 | -9/Exiles | Opened EX-Vault 5080 | -9/Exiles | Found Longsword +1 5115 | -9/Exiles | Warned to stay clear of 0b10 Research branches 5158 | -9/Exiles | Met EX-DEC 5214 | -9/Exiles | Discovered new exit (range 10) 5229 | -9/Exiles | Left Exiles lab with Longsword +1 5229 | -9/Exiles | Entered Mines 5636 | -8/Mines | Discovered exit to Materials (range 4) 5758 | -8/Mines | Discovered exit to Materials (range 12) 6006 | -8/Mines | Entered Materials 6006 | -8/Materials | Evolved 2 slots: Utility x2 6051 | -8/Materials | Discovered new exit (range 49) 6425 | -8/Materials | Build established: Hacker-Mutant 6752 | -8/Materials | Discovered new exit (range 4) 6802 | -8/Materials | Build established: Scavenger-Mutant 7286 | -8/Materials | Discovered new exit (range 3) 7537 | -8/Materials | Entered Factory 7537 | -7/Factory | Evolved 2 slots: Utility x2 7828 | -7/Factory | Build established: Hacker-Sprinter 7973 | -7/Factory | Discovered new exit (range 7) 8018 | -7/Factory | Identified exit to Factory 8315 | -7/Factory | Repaired Broken Cld. VTOL Module? 8568 | -7/Factory | Repaired Structural Scanner 8679 | -7/Factory | Discovered new exit (range 5) 8953 | -7/Factory | Garrison activated, responded to threat 8982 | -7/Factory | Sucked down chute 8982 | -7/Factory | Entered Waste 8990 | -7/Waste | Spotted C-40 Crusher 8992 | -7/Waste | Spotted C-40 Crusher 8994 | -7/Waste | Spotted C-40 Crusher 9001 | -7/Waste | Spotted C-40 Crusher 9002 | -7/Waste | Discovered new exit (range 16) 9002 | -7/Waste | Spotted C-40 Crusher 9002 | -7/Waste | Spotted C-40 Crusher 9006 | -7/Waste | Entered Factory 9084 | -7/Factory | Discovered exit to Factory (range 11) 9133 | -7/Factory | Identified exit to Lower Caves 9575 | -7/Factory | Entered another Factory area 9575 | -6/Factory | Accompanied by 3 allies 9575 | -6/Factory | Evolved 2 slots: Utility x2 9739 | -6/Factory | Identified exit to Factory 9739 | -6/Factory | Identified exit to Lower Caves 9878 | -6/Factory | Build established: Hacker-Scout 10323 | -6/Factory | Spotted B-75 Beast 10642 | -6/Factory | Entered another Factory area 10642 | -5/Factory | Accompanied by 5 allies 10642 | -5/Factory | Evolved 2 slots: Propulsion x1, Utility x1 10921 | -5/Factory | Discovered new exit (range 7) 11091 | -5/Factory | Discovered new exit (range 20) 11228 | -5/Factory | Repaired Lgt. Fission Core 11243 | -5/Factory | Identified exit to Factory 11243 | -5/Factory | Identified exit to Upper Caves 11243 | -5/Factory | Identified exit to Extension 11547 | -5/Factory | Entered Extension 11764 | -5/Extension | Rescued A7 11790 | -5/Extension | Local machine network offline 11806 | -5/Extension | Rescued a captive Derelict 11841 | -5/Extension | Lost 3 allies 12062 | -5/Extension | Rescued a captive Derelict 12063 | -5/Extension | Rescued a captive Derelict 12167 | -5/Extension | Rescued a captive Derelict 12180 | -5/Extension | Discovered exit to Factory (range 10) 12180 | -5/Extension | Discovered new exit (range 6) 12231 | -5/Extension | Entered Cetus 12231 | -5/Cetus | Accompanied by 11 allies (A7) 12236 | -5/Cetus | Acquired a Cetus Manufacturing Module code from A7 12242 | -5/Cetus | Spotted Cetus Guard 12242 | -5/Cetus | Spotted Cetus Guard 12244 | -5/Cetus | Spotted Cetus Guard 12245 | -5/Cetus | Spotted Cetus Guard 12245 | -5/Cetus | Destroyed Cetus Guard 12253 | -5/Cetus | Destroyed Cetus Guard 12263 | -5/Cetus | Allies destroyed Cetus Guard 12268 | -5/Cetus | Allies destroyed Cetus Guard 12297 | -5/Cetus | Lost 6 allies 12597 | -5/Cetus | Build established: Hacker-Mutant 12760 | -5/Cetus | Started Cetus Manufacturing Module 12785 | -5/Cetus | Manufactured an Enhanced Grunt 12810 | -5/Cetus | Manufactured an Enhanced Grunt 12835 | -5/Cetus | Manufactured an Enhanced Grunt 12860 | -5/Cetus | Manufactured an Enhanced Grunt 12885 | -5/Cetus | Manufactured an Enhanced Grunt 12899 | -5/Cetus | Discovered exit to Factory (range 21) 12965 | -5/Cetus | Discovered new exit (range 21) 13017 | -5/Cetus | Spotted Cetus Guard 13017 | -5/Cetus | Spotted Cetus Guard 13017 | -5/Cetus | Spotted Cetus Guard 13017 | -5/Cetus | Spotted Cetus Guard 13025 | -5/Cetus | Build established: Hacker-Scout 13027 | -5/Cetus | Discovered exit to Factory (range 22) 13029 | -5/Cetus | Allies destroyed Cetus Guard 13035 | -5/Cetus | Allies destroyed Cetus Guard 13040 | -5/Cetus | Allies destroyed Cetus Guard 13042 | -5/Cetus | Allies destroyed Cetus Guard 13045 | -5/Cetus | Met Revision 17 13091 | -5/Cetus | Lost 6 allies 13130 | -5/Cetus | Entered Archives 13130 | -5/Archives | Accompanied by 7 allies (A7) 13151 | -5/Archives | Unable to access archive contents 13172 | -5/Archives | Discovered exit to Factory (range 15) 13177 | -5/Archives | Discovered new exit (range 20) 13218 | -5/Archives | Discovered new exit (range 21) 13565 | -5/Archives | Build established: Wizard-Scout 14826 | -5/Archives | Entered Hub_04(d) 14826 | -5/Hub_04(d) | Accompanied by 6 allies 14930 | -5/Hub_04(d) | Local machine network offline 15031 | -5/Hub_04(d) | Lost 4 allies 15104 | -5/Hub_04(d) | Spotted B-75 Beast 15873 | -5/Hub_04(d) | Lost 3 parts (1n1u1w) 15904 | -5/Hub_04(d) | Network Hub disabled 15906 | -5/Hub_04(d) | Spotted Lightning 15923 | -5/Hub_04(d) | Entered Factory 15923 | -4/Factory | Evolved 2 slots: Utility x2 15927 | -4/Factory | Discovered new exit (range 13) 16100 | -4/Factory | Discovered new exit (range 22) 16155 | -4/Factory | Build established: Hacker-Scout 16329 | -4/Factory | Spotted B-86 Titan 16362 | -4/Factory | Lost 6 parts (1p3n2u) 16506 | -4/Factory | Core integrity fell below 50% 16519 | -4/Factory | Core integrity fell below 20% 16537 | -4/Factory | Destroyed by P-70 Sage with High-powered Shock Rifle Last Messages --------------- 16515_ Power Conduit explodes. 16515_ K-01 Serf destroyed. 16515_ Power Conduit explodes. 16515_ K-01 Serf destroyed. 16515_ K-01 Serf collects debris. 16517_ System corrupted: IFF burst signal emitted. 16517_ K-01 Serf collects debris. 16518_ System Shield destroyed. 16518_ Critical hit (Blast). 16518_ K-01 Serf collects debris. 16519_ R-10 Processor collects Lgt. Ion Engine. 16520_ Adv. System Shield destroyed. 16521_ U-05 Engineer lays Concrete. 16525_ Hacking Suite destroyed. 16526_ U-05 Engineer lays Concrete. 16526_ K-01 Serf destroyed. 16528_ Imp. System Shield destroyed. 16529_ U-05 Engineer builds a Wall. 16533_ Acquired Force Lance. 16535_ System corrupted: Matter fused (-7). Map ----- +----------------------------------------------------+ | """"""""" ##??## """ # | | ##??## """ # | | """"""""" ##??## ^ # | | ###?## # | | ###### # | | +####+#################+###### % | | !%* | | ^ = | | *** | | ** | | pg ** | | pg | | ^ g | | #### ###############p################/######## | | #### # # ######## | | ??## # ?????? # " " " ##?????# """" """" | | ??## + ???""" # " !! " " ##?????# """" """" | | ??## # ???""" # " *! " " ##?????# """" """" | | ??## # ???""" # " *!/ " " ##?????# """" """" | | ?## # ????"" # " " " ##?????# | | ?##T # ????"" # " " " ##?????# """" """" | | ?### # ?????? # " " " ##?????# """" """" | | ?### # ?????? # " " " ##?????# """" """" | | ??## ##??????## " " " ##?????# """" """" | | ??## ##??????## ! ##?????# | | ??## ##??????## @ ##?????# | | ??## ##??????########/#######?????#####+###### | | ?? ??????######## #######?????????# #????? | | ??? ?????????????? ???????????????# #????? | | ??? ??g??????????? ???????????????# #????? | | ??? ?????????????? ???????????????# #????? | | ??? < ??????????????? ???????????????# #????? | | ????????????g??g??????? ??????????????# #????? | | ??????????????????????? ??????????????# #????? | | ??????????????????????? ????????????? #????? | | ???????????????????????#+###??????????? #????? | | ????????????????????????????????????? "" #????? | | ???????????????????????????????????]/ "" ????? | | ?????????????????????w??????????? ]/ T" ????? | | ??????????????????????????????? "" ????? | | ??????????????????????????????# !! "" ????? | | ??????????????????????????????# ! ????? | | ?????????????????????A????????# ! ????? | | ??????????????????????????????# ! ???? | | ??????????????????????????????# ######?#######???? | | ??????????????????????????????#??????????????????? | | ?????????????????????????????????????????????????? | | ?????????????????????????????????????????????????? | | ?????????????????????????????????????????????????? | | ?????????????????????????????????????????????????? | +----------------------------------------------------+ Best States ------------- Heat Dissipation 43 Energy Generation 35 Energy Capacity 280 Matter Stores 300 Matter Capacity 300 Sight Range 22 Terrain Scan Density 10 ECM Strength 1 Power Amplification 20 Additional Mass Support 9 Evasion (%) 65 Recoil Reduction 4 Offensive Hacking 48 Defensive Hacking 38 Item Schematics ----------------- Mak. System Shield | -9/Materials | Scanalyzed Hacking Suite | -9/Materials | Scanalyzed Imp. Flight Unit | -7/Factory | Scanalyzed Cld. VTOL Module | -7/Factory | Scanalyzed Robot Schematics ------------------ None Fabricated ------------ Nothing Alien Tech Used ----------------- None Achievements -------------- Project G-00 Revising The Future Watch This! Challenges ------------ None Game ------ Seed PrecisionHardenedShield Manual? 0 Play Time 05:09:39 Cumulative 76.8 hours Start 2024.04.20 @ 22:15:30 End 2024.04.21 @ 12:33:48 Sessions 7 Manual Loads 0 Difficulty Rogue Special Mode None Game No. 96 Rogue 96 Adventurer 0 Explorer 0 Win Type - Total 2 Types 2/0/0/0/0/0/0/0/0 Lore% 32 Gallery% 40 Achievement% 37 Wizard Run 0 Options --------- Layout 0 ASCII 0 Keyboard 0 Movement Mouse Keybinds 0 Fullscreen 2 Font 18/X11Bold Map View 76x50 Zoom Use 0% Tactical HUD 1 Map Filters NONE Filters NONE Steam 1 RUN: 7892832a-e908-40dd-b4fe-45270e8ca40f